Map: [ESL] Inside and Out

Players

Dolan

  • Race: Terran Terran
  • League: Diamond
  • Spawn Location: 1:00

Spirit - Winner!

  • Race: Terran Terran
  • Spawn Location: 7:00

Event: DreamHack SC2 Masters 2022 Valencia

VOD

Have the link to the VOD?

Description

Time

  • Played on: July 1, 2022, 9:57 a.m.
  • Length: 7:33

All games in this series

Show
View Real Time Build Order
Export as new Build Order

Dolan Terran 

Build Orders: Cyclone Opening 

Get SALT Encoding   

  12  0:00  SCV  
  13  0:12  SCV  
  14  0:17  Supply Depot  
  14  0:24  SCV  
  15  0:38  SCV  
  15  0:39  Barracks  
  16  0:43  Refinery  
  16  0:50  SCV  
  16  0:52  Refinery  
  17  1:02  SCV  
  18  1:14  SCV  
  19  1:26  Reaper  
  19  1:27  Orbital Command  
  19  1:28  Supply Depot  
  20  1:40  Factory  
  20  1:52  SCV  
  21  1:58  Reaper  
  22  2:04  SCV  
  23  2:16  SCV  
  24  2:23  Command Center  
  24  2:27  Factory Tech Lab  
  24  2:28  SCV  
  25  2:38  Barracks Reactor  
  25  2:41  SCV  
  26  2:45  Cyclone  
  26  2:48  Supply Depot  
  29  2:53  SCV  
  30  2:58  Starport  
  30  3:05  SCV  
  31  3:14  Marine  
  31  3:15  Refinery, Marine  
  31  3:17  Siege Tank  
  36  3:20  SCV  
  37  3:32  SCV  
  37  3:33  Marine  
  39  3:34  Marine  
  39  3:39  Orbital Command  
  40  3:48  Starport Tech Lab  
  40  3:50  SCV  
  40  3:55  Marine x2  
  43  4:00  Supply Depot  
  43  4:05  SCV x2  
  43  4:08  Raven  
  50  4:10  Siege Tank  
  50  4:16  Supply Depot  
  50  4:17  SCV  
  50  4:21  SCV  
  50  4:23  Marine x2  
  54  4:29  SCV  
  53  4:43  Siege Tank, Marine x2  
  51  4:51  Raven  
  49  4:59  SCV x2  
  51  5:01  Marine  
  51  5:02  Marine  
  51  5:05  Command Center  
  53  5:11  SCV x2  
  55  5:23  SCV x2, Marine x2  
  55  5:24  Siege Tank  
  62  5:35  SCV x2  
  64  5:39  Refinery, Supply Depot  
  64  5:48  Viking x2  
  68  5:50  Marine, Stimpack  
  68  5:54  SCV  
  70  6:01  SCV, Siege Tank, Supply Depot  
  74  6:07  Barracks x2  
  74  6:09  Marine  
  75  6:12  SCV  
  75  6:13  SCV  
  75  6:18  Viking x2  
  77  6:19  Orbital Command  
  77  6:24  SCV  
  77  6:25  SCV  
  83  6:30  Engineering Bay x2  
  83  6:36  Siege Tank, Marine  
  83  6:37  SCV  
  83  6:38  SCV  
  89  6:46  SCV  
  89  6:48  Viking x2  
  89  6:50  SCV x2  
  89  6:51  Supply Depot  
  95  6:58  SCV  
  96  7:02  SCV x2  
Show
View Real Time Build Order
Export as new Build Order

Spirit Terran - Winner!

Build Orders:  

Get SALT Encoding   

  12  0:00  SCV  
  13  0:12  SCV  
  14  0:16  Supply Depot  
  14  0:24  SCV  
  15  0:38  SCV  
  15  0:40  Barracks  
  16  0:44  Refinery  
  16  0:50  SCV  
  16  0:53  Refinery  
  17  1:02  SCV  
  18  1:14  SCV  
  19  1:27  Orbital Command, Reaper  
  19  1:32  Supply Depot  
  20  1:41  Factory  
  20  1:53  SCV  
  21  2:00  Barracks Reactor  
  21  2:05  SCV  
  22  2:16  Command Center  
  22  2:18  SCV  
  23  2:27  Hellion  
  25  2:30  SCV  
  25  2:35  Supply Depot  
  27  2:37  Reaper x2  
  27  2:42  SCV  
  29  2:48  Hellion  
  31  2:53  Starport  
  31  2:56  SCV  
  32  3:08  SCV  
  32  3:09  Marine x2  
  32  3:11  Supply Depot  
  32  3:12  Factory Tech Lab  
  35  3:20  SCV  
  36  3:28  Orbital Command  
  36  3:30  Marine x2  
  36  3:32  Refinery  
  41  3:34  Siege Tank  
  41  3:40  Medivac  
  43  3:45  SCV  
  43  3:48  Marine  
  44  3:50  Supply Depot  
  44  3:53  Marine  
  44  3:54  SCV  
  46  3:57  SCV  
  47  4:06  SCV  
  47  4:09  SCV  
  49  4:12  Marine  
  49  4:13  Marine  
  49  4:14  Factory Tech Lab  
  51  4:17  Raven  
  51  4:18  SCV  
  51  4:21  SCV  
  55  4:26  Supply Depot  
  55  4:30  Marine  
  55  4:31  SCV  
  57  4:33  SCV  
  58  4:43  SCV  
  55  4:45  SCV  
  55  4:48  Marine  
  55  4:51  Siege Tank  
  55  4:52  Marine  
  56  4:55  SCV  
  56  4:58  SCV  
  56  4:59  Command Center  
  59  5:03  Raven, Supply Depot  
  59  5:05  Marine  
  62  5:07  SCV  
  62  5:10  SCV  
  62  5:12  Marine, Supply Depot  
  65  5:19  SCV  
  63  5:22  SCV  
  63  5:24  Siege Tank  
  63  5:26  Barracks x2  
  63  5:27  Marine  
  68  5:31  SCV  
  68  5:34  SCV  
  70  5:37  Refinery  
  71  5:43  SCV  
  71  5:46  SCV  
  72  5:53  Engineering Bay  
  72  5:55  Engineering Bay, SCV  
  72  5:56  Viking  
  72  5:57  Siege Tank  
  78  5:58  SCV  
  78  6:01  Viking, Marine  
  82  6:07  SCV  
  83  6:14  Barracks Reactor  
  83  6:17  Barracks Reactor  
  83  6:19  SCV  
  83  6:21  SCV  
  85  6:26  Viking, Marine  
  85  6:31  Viking, Siege Tank  
  93  6:33  Orbital Command  
  93  6:34  SCV x2  
  93  6:37  Supply Depot  
  95  6:43  Marine  
  95  6:44  Supply Depot x2  
  95  6:46  SCV x2  
  98  6:54  Marine x3  
  98  6:58  SCV x2, Marine  
  98  6:59  SCV, Supply Depot  
  105  7:01  Marine  
  101  7:10  SCV  
  101  7:12  SCV, Marine x3  
  101  7:29  Refinery x2  
  101  7:31  Supply Depot  

Tags
 
Add a new tag
Caveats
  • Supply blocks, unpowered buildings, or Contaminate may cause inaccurate times.
  • Supply counts are checked every 10 seconds.